Unix NetHack Version 5.0.0-0 post-release - last build Jul 14 2026 02:55:29 (1809b74e8187c3a3585e283601c3028b46cbbdcb,branch:main).

Game began 2026-07-15 10:24:32, ended 2026-07-15 11:24:23.

GdeVolpiano, chaotic male elven Wizard

  -----
  |)[.|
  |...|
  |.(..#
  |...|##
  --.-- #
    #   #
    #   #
    #   ##
    #    #
    ##   ###  ---------
     #     ###.......f|
     #       #|q....q@e
 ----|---    #|.......|
 |..>^.*|    #|.......|
 |..[...-#####|........#####--------+-
 |......|     ---------    #-........-
 |.[....+                   |..<.....|
 --------                   ----------

GdeVolpiano the Conjurer  St:12 Dx:16 Co:14 In:19 Wi:9 Ch:8  Chaotic
Dlvl:4  $:55 HP:0(29) Pw:14(33) AC:7  Xp:4 T:1468 

Latest messages:
 You see here a small mimic corpse.
 Heliodore eats a small mimic corpse.
 You see a tripe ration appear where Heliodore was!
 w - a food ration (3 in total).
 In what direction?
 The chest is empty.
 A little dart shoots out at you!
 A little dart misses you.
 F - a blindfold.
 What do you want to drop? [$a-xzAD-F or ?*]
 You drop a magic marker (0:22).
 n - a magic marker (0:22).
 What do you want to drop? [$a-xzAD-F or ?*]
 You drop a blindfold.
 Heliodore steps reluctantly onto a blindfold.
 You see here a blindfold.
 F - a blindfold.
 You hear someone counting gold coins.
 You are in full health.
 You hear someone counting gold coins.
 You find a hidden door.
 The door resists!
 The door opens.
 Really step onto that rolling boulder trap? [yn] (n)
 Really step onto that rolling boulder trap? [yn] (n)
 You escape a rolling boulder trap.
 #
 Where do you want to travel to?
 (For instructions type a '?')
 You hear someone counting gold coins.
 You hit the floating eye.
 You are frozen by the floating eye's gaze!
 You hear the footsteps of a guard on patrol.
 Heliodore misses the floating eye.
 Heliodore is frozen by the floating eye's gaze!
 You hear someone counting gold coins.
 The rothe hits!
 The rothe bites!
 The rothe bites again!
 The rothe hits!
 The rothe bites!
 The rothe bites again!
 The rothe hits!
 The rothe bites!
 The rothe bites again!
 The rothe hits!
 The rothe bites!
 The rothe bites again!
 You die...
 Do you want your possessions identified? [ynq] (y)

Inventory:
 Coins    ('$')
  $ - 55 gold pieces
 Weapons  (')')
  a - a blessed +1 quarterstaff (weapon in hands)
 Armor    ('[')
  b - an uncursed +0 cloak of magic resistance (being worn)
  E - an uncursed +0 leather armor (being worn)
 Comestibles  ('%')
  q - 2 cursed figs
  w - 3 uncursed food rations
  u - an uncursed homemade tin of lichen
  r - 2 uncursed lichen corpses
 Scrolls  ('?')
  p - 2 uncursed scrolls of confuse monster
  i - an uncursed scroll of create monster
  s - an uncursed scroll of enchant armor
  j - an uncursed scroll of gold detection
  k - an uncursed scroll of identify
  x - a blessed scroll of teleportation
  z - an uncursed scroll of teleportation
 Spellbooks  ('+')
  l - a blessed spellbook of force bolt
  m - an uncursed spellbook of haste self
 Potions  ('!')
  f - an uncursed potion of booze
  h - an uncursed potion of speed
  g - an uncursed potion of water
 Rings    ('=')
  e - an uncursed +2 ring of adornment
  d - an uncursed ring of sustain ability
 Wands    ('/')
  c - a wand of cancellation (0:4)
 Tools    ('(')
  D - a bag of tricks (0:4)
  o - an uncursed wooden harp
  F - a cursed blindfold
  v - a cursed magic lamp
  n - a magic marker (0:22)
 Gems/Stones  ('*')
  t - an uncursed agate stone
  A - an uncursed worthless piece of white glass

GdeVolpiano the Wizard's attributes:

Background:
 You were a Conjurer, a level 4 male elven Wizard.
 You were chaotic, nominally on a mission for Anhur
 who was opposed by Ptah (lawful) and Thoth (neutral).
 You were right-handed.
 You were in the Dungeons of Doom, on level 4.
 You entered the dungeon 1468 turns ago.
 There was a new moon in effect when your adventure ended.
 You had 150 experience points, 10 more were needed to attain level 5.

Basics:
 You had 0 out of 29 hit points.
 You had 14 out of 33 energy points (spell power).
 Your armor class was 7.
 Your wallet contained 55 zorkmids.
 Autopickup was on for '$?!/="+' plus thrown, with exceptions.

Final Characteristics:
 Your strength was 12 (limit:18).
 Your dexterity was 16 (limit:18).
 Your constitution was 14 (limit:16).
 Your intelligence was 19 (limit:20).
 Your wisdom was 9 (limit:20).
 Your charisma was 8 (limit:18).

Final Status:
 You weren't hungry.
 You were unencumbered.
 You were wielding a quarterstaff.
 You had basic skill with quarterstaff.

Final Attributes:
 You were devoutly aligned.
 You were magic-protected.
 You were sleep resistant.
 You had infravision.
 You were warded.
 You are dead.

Miscellaneous:
 You didn't encounter any bones levels.
 Total elapsed playing time was 10 minutes and 2 seconds.

Major events:
 Turn
    1: GdeVolpiano the chaotic male elven Wizard entered the dungeon
  761: attained the rank of Conjurer (level 3)
 1468: killed by a rothe, while frozen by a floating eye's gaze

Spells:
 Name                 Level Category     Fail Retention
 force bolt             1   attack         0%  91%-100%
 haste self             3   escape        72%  76%-100%

Skills:
 Fighting Skills
   bare handed combat [Unskilled]
   riding             [Unskilled]
 Weapon Skills
   dagger             [Unskilled]
   knife              [Unskilled]
   axe                [Unskilled]
   short sword        [Unskilled]
   club               [Unskilled]
   mace               [Unskilled]
   quarterstaff       [Basic]
   polearms           [Unskilled]
   spear              [Unskilled]
   trident            [Unskilled]
   sling              [Unskilled]
   dart               [Unskilled]
   shuriken           [Unskilled]
 Spellcasting Skills
   attack spells      [Basic]
   healing spells     [Unskilled]
   divination spells  [Unskilled]
   enchantment spells [Basic]
   clerical spells    [Unskilled]
   escape spells      [Unskilled]
   matter spells      [Unskilled]

Voluntary challenges:
 Character rerolling was not enabled.
 You were an atheist.
 You were illiterate.
 You never genocided any monsters.
 You never polymorphed an object.
 You never changed form.
 You used no wishes.
Achievement:
 You attained the rank of Conjurer.

 The Dungeons of Doom: levels 1 to 5
    Level 1:
       Some fountains.
    Level 2:
       A fountain.
    Level 3:
    Level 4: "vault" <- You were here.
       Final resting place for
          you, killed by a rothe, while frozen by a floating eye's gaze.
    Level 5:


Vanquished creatures:
  2 small mimics
  a shrieker
  2 hobbits
  2 giant rats
  a yellow mold
  2 red molds
  4 geckos
  a jackal
  a fox
  a kobold
  a grid bug
  3 lichens
  6 newts
27 creatures vanquished.

No species were genocided or became extinct.

Game over:
                       ----------
                      /          \
                     /    REST    \
                    /      IN      \
                   /     PEACE      \
                  /                  \
                  |   GdeVolpiano    |
                  |      55 Au       |
                  |   killed by a    |
                  |      rothe       |
                  |                  |
                  |                  |
                  |       2026       |
                 *|     *  *  *      | *
        _________)/\\_//(\/(/\)/\//\/|_)_______

Goodbye GdeVolpiano the Wizard...

You died in The Dungeons of Doom on dungeon level 4 with 850 points,
and 55 pieces of gold, after 1468 moves.
You were level 4 with a maximum of 29 hit points when you died.

